 Dungeon Crawl Stone Soup version 0.16.1-14-g82efdee (webtiles) character file.

31206 Iskender the Carver (level 13, -1/79 HPs)
             Began as an Octopode Wanderer on Mar 20, 2015.
             Was a High Priest of Fedhas.
             Engulfed by a cloud of flame (16 damage)
             ... in a volcano on Apr 11, 2015.
             The game lasted 03:38:25 (17748 turns).

Iskender the Carver (Octopode Wanderer)            Turns: 17748, Time: 03:38:25

Health: -1/79      AC:  7    Str: 11    XL:     13   Next: 56%
Magic:  23/24      EV: 20    Int: 17    God:    Fedhas [*****.]
Gold:   1172       SH:  6    Dex: 18    Spells: 5 memorised, 3 levels left

rFire  . . .     SeeInvis .     a - +3 falchion
rCold  + . .     Clarity  .     D - +0 buckler
rNeg   . . .     SustAb   +     E - +0 hat
rPois  .         Gourm    .     R - amulet of regeneration
rElec  .         Spirit   .     G - +6 ring of protection
rCorr  .         Warding  .     K - ring of flight
rMut   .         Stasis   .     O - ring of stealth
MR     .....                    V - ring of protection from cold
Stlth  +++++.....               X - ring of sustain abilities
                                F - +4 ring of intelligence
                                (no ring)
                                (no ring)

@: not resistant to hostile enchantments, quite stealthy
A: almost no armour, amphibious, 8 rings, constrict 8, camouflage 1, gelatinous
body 1
a: Evolution, Sunlight, Growth, Reproduction, Rain, Renounce Religion, Evoke
Flight


You were in a volcano.
You worshipped Fedhas.
Fedhas was extremely pleased with you.
You were hungry.

You visited 3 branches of the dungeon, and saw 17 of its levels.
You also visited: Ice Cave and Volcano.

You collected 1172 gold pieces.

Inventory:

Hand weapons
 a - a +3 falchion (weapon)
 b - a +0 hunting sling
 v - a +0 blowgun
 A - the +2 short sword "Loisovuome" {pierce, rElec rF+ rC- rN+ MR-}
   (You found it on level 5 of the Dungeon)

   It inflicts extra damage upon your enemies.
   It protects you from fire.
   It makes you vulnerable to cold.
   It insulates you from electricity.
   It protects you from negative energy.
   It affects your resistance to hostile enchantments.
Missiles
 h - 4 curare-tipped needles
 t - 314 stones
 w - 12 javelins
 C - 54 sling bullets
 P - 16 sling bullets of frost
 S - 4 needles of paralysis
 T - 6 poisoned tomahawks
 Y - a throwing net (quivered)
 Z - 8 exploding sling bullets
Armour
 D - a +0 buckler (worn)
 E - a +0 hat (worn)
Jewellery
 F - a +4 ring of intelligence (on tentacle)
 G - a +6 ring of protection (left tentacle)
 K - a ring of flight (right tentacle)
 O - a ring of stealth (on tentacle)
 R - an amulet of regeneration (around mantle)
 V - a ring of protection from cold (on tentacle)
 X - a ring of sustain abilities (on tentacle)
Magical devices
 s - a wand of confusion (25)
 J - a wand of fire (10)
 U - a wand of enslavement (18)
Scrolls
 e - a scroll of fear
 i - 2 scrolls of enchant weapon
 l - 2 scrolls of enchant armour
 m - a scroll of teleportation
 o - a scroll of silence
 q - 3 scrolls of fog
 x - 2 scrolls of vulnerability
 y - a scroll of brand weapon {unknown}
 B - 3 scrolls of remove curse
 L - 2 scrolls of magic mapping
 M - a scroll of blinking
 N - a scroll of torment
 W - 3 scrolls of immolation
Potions
 j - 4 potions of brilliance
 k - a potion of berserk rage
 n - 2 potions of agility
 r - a potion of magic
 z - 2 potions of ambrosia
 H - a potion of curing
 I - 4 potions of cancellation
 Q - 2 potions of might
Miscellaneous
 p - a plain deck of summoning
Comestibles
 c - 3 chunks of flesh
 d - 5 bread rations
 f - a meat ration
 g - 7 fruits {!e}
 u - 8 slices of pizza


   Skills:
 - Level 4.0 Fighting
 - Level 12.0 Long Blades
 - Level 11.6(12.1) Slings
 - Level 5.3(9.3) Throwing
 + Level 10.4 Dodging
 - Level 5.3 Stealth
 - Level 5.3 Shields
 - Level 1.5 Charms
 - Level 4.5 Translocations
 - Level 7.1 Invocations
 - Level 1.1 Evocations


You had 3 spell levels left.
You knew the following spells:

 Your Spells              Type           Power        Failure   Level  Hunger
b - Summon Butterflies    Summ           #.......     24%         1    ##.....
g - Shroud of Golubria    Chrm/Tloc      ##........   12%         2    ###....
i - Portal Projectile     Tloc           ###...       12%         3    ####...
v - Blink                 Tloc           N/A          6%          2    ###....
A - Apportation           Tloc           ###.......   3%          1    ##.....


Dungeon Overview and Level Annotations

Branches:
Dungeon (10/15)            Temple (1/1) D:4            Lair (6/8) D:10
 Shoals (0/5) Lair:5        Snake (0/5) Lair:5          Orc (0/4) D:10
  Slime: Lair:6-8

Altars:
Ashenzari
Cheibriados
Dithmenos
Elyvilon
Fedhas
Gozag
Kikubaaqudgha
Makhleb
Nemelex Xobeh
Okawaru
Qazlal
Ru
Sif Muna
Trog
Vehumet
Xom
Yredelemnul
Zin
The Shining One

Portals:
Trove: D:10 (give 14 potions of heal wounds)


Innate Abilities, Weirdness & Mutations

You cannot wear most types of armour.
You are amphibious.
You can wear up to eight rings at the same time.
You can use your tentacles to constrict many enemies at once.
Your skin changes colour to match your surroundings (Stealth).
Your rubbery body absorbs attacks (AC +1).


Message History

Drink which item? (? for menu, Esc to quit)
You feel better. Something hits you.
* * * LOW HITPOINT WARNING * * *
Something burns you.
* * * LOW HITPOINT WARNING * * *
You block its attack.
You barely miss something.
The air gets thick with the scent of sulphur.
Something hits you but does no damage.
You barely miss something. You squeeze something. Something closely misses you.
You barely miss something. Something hits you.
* * * LOW HITPOINT WARNING * * *
Something burns you.
* * * LOW HITPOINT WARNING * * *
You barely miss something. You block its attack.
You miss something. Your squeeze misses something.
In the distance, the volcano erupts with a roar.
You are engulfed in roaring flames.
You die...
Fedhas appreciates your contribution to the ecosystem.

≈≈≈≈≈≈≈≈≈≈≈≈≈≈≈≈≈≈≈≈≈≈≈≈≈≈≈≈≈≈≈≈≈
≈≈≈≈≈≈≈≈≈≈≈≈≈≈≈≈≈≈≈≈≈≈≈≈≈≈≈≈≈≈≈≈≈
≈≈≈≈≈≈≈≈.≈≈≈.≈.≈≈≈≈≈.≈≈≈≈≈≈≈≈≈≈≈≈
≈≈≈≈≈.≈.≈≈.≈.≈≈≈.≈≈.≈...≈≈≈≈≈≈≈≈≈
≈≈≈≈#.....).....................#
≈####...##)##...#####...##'##...^
##.##^.##...##.##§§§##.##.[[##..#
# #.#..#..[..#.#§§§§§#.#..[^.#..#
# #.#..#.....#§#@{§§§#.#[[.))#..#
###.#..##...##.##§§§##.##..)##..#
§≈##....#####...##§##...#####...#
≈≈≈##§§§§.........§§§.§..§§... .
≈≈≈≈≈§§§§.≈≈§§≈≈...§§§§§≈§..≈
≈§≈≈§≈§§§≈≈≈§≈≈≈.≈§§§§§≈§§§≈≈≈
§≈§§§≈§§§§§≈≈≈§≈≈≈≈§§§§§≈§≈≈≈
§§§§§§≈§§§≈§≈≈≈≈≈§§§§≈≈≈≈§§≈
#≈§§≈§§≈§§≈≈≈≈≈§§§§§≈§§≈≈≈≈


There were no monsters in sight!

Vanquished Creatures
  A vault guard (D:10)
  5 hydras
  An ice statue (IceCv)
  A necromancer (IceCv)
  A griffon (Lair:3)
  A lindwurm (Lair:6)
  An ugly thing (D:9)
  3 spiny frogs
  2 black mambas (Lair:6)
  A komodo dragon (Lair:1)
  A fire drake (Volcano)
  5 freezing wraiths (IceCv)
  A polar bear (Lair:4)
  Prince Ribbit (D:8)
  A two-headed ogre (Volcano)
  17 blink frogs
  A deep elf mage (D:9)
  A basilisk (Lair:2)
  12 yaks
  A fire bat (Volcano)
  A spriggan (Lair:4)
  A hog (Volcano)
  A hungry ghost (D:10)
  A hippogriff (Lair:3)
  3 wolves (Lair:4)
  A death yak simulacrum (IceCv)
  Edmund (D:8)
  3 nagas (Lair:5)
  3 water moccasins (Lair:2)
  6 porcupines
  7 orc warriors
  4 ice beasts
  A phantom (D:7)
  A black bear (Lair:4)
  A necrophage (D:10)
  A hyperactive ballistomycete (D:10)
  3 sky beasts
  2 ogres (D:4)
  4 centaurs
  9 giant frogs
  8 big kobolds
  7 crocodiles
  A killer bee (D:10)
  5 scorpions
  A giant frog zombie (D:9)
  5 orc priests
  2 crimson imps
  2 centaur zombies
  A draconian simulacrum (IceCv)
  A gnoll shaman (D:10)
  2 goliath beetles
  A quasit (D:10)
  4 iguanas
  3 giant frog skeletons
  3 jellies
  4 hounds
  3 orc wizards
  3 worker ants
  3 troll simulacra (IceCv)
  2 spriggan simulacra (IceCv)
  6 sheep
  A centaur simulacrum (IceCv)
  A hound zombie (D:8)
  Terence (D:3)
  4 gnolls
  5 ogre simulacra (IceCv)
  17 adders
  26 river rats
  2 shadow imps
  3 worms (D:2)
  7 naga simulacra (IceCv)
  10 white imps (IceCv)
  An adder skeleton (D:7)
  4 giant geckos
  An ooze (D:3)
  23 orcs
  A ball python (D:1)
  11 bats
  A bat skeleton (D:5)
  5 giant cockroaches
  26 goblins
  17 hobgoblins
  15 jackals
  70 kobolds
  11 quokkas
  2 giant newts
  A jackal skeleton (D:5)
  A quokka zombie (D:6)
  16 rats
462 creatures vanquished.

Vanquished Creatures (collateral kills)
  Gastronok (D:10)
  Harold (Lair:5)
  2 hydras
  A hill giant (D:10)
  3 spiny frogs
  5 freezing wraiths (IceCv)
  6 blink frogs
  A wyvern (Lair:5)
  A hippogriff (Lair:1)
  2 death yak simulacra (IceCv)
  17 yaks
  A naga (Lair:5)
  2 water moccasins
  5 ice beasts (IceCv)
  An ogre (D:9)
  2 centaurs (D:10)
  2 crocodiles
  2 giant frogs
  Blork the orc (D:8)
  3 jellies
  An orc wizard (D:10)
  A hound (Lair:5)
  A draconian simulacrum (IceCv)
  A sheep (D:9)
  A wolf simulacrum (IceCv)
  2 river rats (D:10)
  2 white imps (IceCv)
  A giant gecko (D:9)
  3 orcs
  A quokka (D:10)
  3 rats
76 creatures vanquished.

Vanquished Creatures (others)
  An oklob plant (IceCv)
  A quasit (D:10)
  A giant spore (D:10)
  12 wandering mushrooms
  277 toadstools
292 creatures vanquished.

Grand Total: 830 creatures vanquished

Notes
Turn   | Place    | Note
--------------------------------------------------------------
     0 | D:1      | Iskender, the Octopode Wanderer, began the quest for the Orb.
     0 | D:1      | Iskender set off with: a +2 falchion, 2 potions of curing, a bread ration
     0 | D:1      | Reached XP level 1. HP: 17/17 MP: 1/1
    70 | D:1      | Reached skill level 1 in Stealth
   148 | D:1      | Reached XP level 2. HP: 16/22 MP: 2/2
   186 | D:1      | You fall through a shaft!
   586 | D:1      | Reached XP level 3. HP: 27/27 MP: 3/3
   917 | D:2      | Reached skill level 1 in Throwing
  1054 | D:2      | Reached XP level 4. HP: 33/33 MP: 4/4
  1647 | D:2      | Found a stormy altar of Qazlal.
  1944 | D:3      | Found an ancient bone altar of Kikubaaqudgha.
  2090 | D:3      | Found a shattered altar of Ashenzari.
  2096 | D:3      | Saw a vision of the Shoals and the Snake Pit.
  2096 | D:3      | Noticed a shock serpent
  2096 | D:3      | Noticed a merfolk
  2096 | D:3      | Noticed a naga warrior
  2096 | D:3      | Noticed a merfolk
  2096 | D:3      | Noticed a hippogriff
  2096 | D:3      | Noticed a centaur
  2096 | D:3      | Noticed a naga
  2097 | D:3      | Noticed a naga mage
  2098 | D:3      | Noticed a sea snake
  2212 | D:3      | Reached XP level 5. HP: 15/37 MP: 5/5
  2403 | D:3      | Noticed Terence
  2515 | D:3      | Noticed a big kobold
  2523 | D:3      | Killed a big kobold
  2523 | D:3      | Reached XP level 6. HP: 16/43 MP: 7/7
  2624 | D:3      | Found a sacrificial altar of Ru.
  2795 | D:3      | Killed Terence
  2880 | D:3      | Noticed a big kobold
  2891 | D:3      | Noticed a big kobold
  2893 | D:3      | Noticed a big kobold
  2893 | D:3      | Killed a big kobold
  2909 | D:3      | Killed a big kobold
  2909 | D:3      | Reached XP level 7. HP: 33/48 MP: 8/8
  2938 | D:3      | Killed a big kobold
  2938 | D:3      | Reached skill level 5 in Throwing
  3489 | D:4      | Found a staircase to the Ecumenical Temple.
  3499 | D:4      | Reached skill level 1 in Slings
  3601 | Temple   | Entered the Ecumenical Temple
  3661 | Temple   | Became a worshipper of Fedhas Madash
  4113 | D:5      | Entered Level 5 of the Dungeon
  4260 | D:5      | Found a deep blue altar of Sif Muna.
  4271 | D:5      | Found a snail-covered altar of Cheibriados.
  4447 | D:5      | Got a crude short sword
  4594 | D:5      | Found a bloodstained altar of Trog.
  4601 | D:5      | Reached XP level 8. HP: 54/54 MP: 9/9
  4602 | D:5      | Reached skill level 5 in Stealth
  4628 | D:5      | Learned a level 1 spell: Apportation
  4631 | D:5      | Learned a level 2 spell: Blink
  4634 | D:5      | Learned a level 2 spell: Shroud of Golubria
  4988 | D:5      | Reached skill level 1 in Translocations
  5821 | D:6      | Reached skill level 5 in Shields
  5822 | D:6      | Identified the cursed +2 short sword "Loisovuome" {pierce, rElec rF+ rC- rN+ MR-} (You found it on level 5 of the Dungeon)
  5829 | D:6      | Acquired Fedhas' first power
  6125 | D:7      | Reached skill level 1 in Charms
  6438 | D:7      | Found an opulent altar of Gozag.
  6552 | D:7      | Reached skill level 5 in Slings
  6609 | D:7      | Reached XP level 9. HP: 38/58 MP: 10/10
  6913 | D:7      | Reached skill level 6 in Slings
  7117 | D:8      | Noticed Edmund
  7132 | D:8      | Killed Edmund
  7286 | D:8      | Reached skill level 7 in Slings
  7314 | D:8      | Noticed Blork the orc
  7344 | D:8      | Killed Blork the orc
  7359 | D:8      | Acquired Fedhas' second power
  7509 | D:8      | Noticed Prince Ribbit
  7522 | D:8      | Killed Prince Ribbit
  7656 | D:8      | Reached skill level 8 in Slings
  8322 | D:9      | Noticed a red ugly thing
  8498 | D:9      | Reached skill level 9 in Slings
  8502 | D:9      | Noticed a three-headed hydra
  8616 | D:9      | Reached skill level 10 in Slings
  8616 | D:9      | Reached XP level 10. HP: 56/63 MP: 11/11
  8718 | D:9      | Killed a three-headed hydra
  8883 | D:9      | Reached skill level 11 in Slings
  8984 | D:9      | Found a shimmering altar of Xom.
  9418 | D:9      | Killed a cyan ugly thing
  9551 | D:10     | Entered Level 10 of the Dungeon
  9694 | D:10     | Found a staircase to the Lair.
  9700 | Lair:1   | Entered Level 1 of the Lair of Beasts
  9856 | D:10     | Found a shadowy altar of Dithmenos.
  9939 | D:10     | Noticed Gastronok
  9962 | D:10     | Found a staircase to the Orcish Mines.
  9989 | D:10     | Acquired Fedhas' third power
 10071 | D:10     | Noticed a hill giant
 10088 | D:10     | Killed a hill giant
 10088 | D:10     | Reached skill level 5 in Long Blades
 10201 | D:10     | Killed Gastronok
 10201 | D:10     | Reached XP level 11. HP: 40/69 MP: 13/13
 10471 | D:10     | Found a shadowy altar of Dithmenos.
 10660 | D:10     | Noticed a vault guard
 10669 | D:10     | Killed a vault guard
 10678 | D:10     | Found a portal to a secret trove of treasure.
 10739 | D:10     | Learned a level 3 spell: Portal Projectile
 11620 | Lair:1   | Reached skill level 10 in Long Blades
 12026 | Lair:2   | Noticed a six-headed hydra
 12037 | Lair:2   | Killed a six-headed hydra
 12117 | Lair:2   | Upgraded the game from 0.16.0-17-g811c1d7 to 0.16.1-12-gf5c4a84
 12117 | Lair:2   | Upgraded the game from 0.16.1-12-gf5c4a84 to 0.16.1-14-g82efdee
 12293 | Lair:2   | Noticed a six-headed hydra
 12320 | Lair:2   | Reached skill level 5 in Dodging
 12438 | Lair:1   | Reached XP level 12. HP: 67/74 MP: 10/14
 12589 | Lair:2   | Killed a six-headed hydra
 13143 | Lair:4   | Found a frozen archway.
 13167 | IceCv    | Entered an ice cave
 14072 | IceCv    | Reached skill level 5 in Invocations
 14076 | IceCv    | Found an ancient bone altar of Kikubaaqudgha.
 14746 | Lair:3   | Learned a level 1 spell: Summon Butterflies
 14835 | Lair:3   | Noticed a seven-headed hydra
 14858 | Lair:3   | Noticed a six-headed hydra
 14865 | Lair:3   | Killed a seven-headed hydra
 14889 | Lair:3   | Killed a six-headed hydra
 15418 | Lair:3   | Reached XP level 13. HP: 64/79 MP: 21/21
 15756 | Lair:4   | Acquired Fedhas' fourth power
 15957 | Lair:4   | Noticed a five-headed hydra
 16004 | Lair:4   | Killed a five-headed hydra
 16308 | Lair:4   | Reached skill level 12 in Long Blades
 16856 | Lair:5   | Found a staircase to the Shoals.
 17014 | Lair:5   | Noticed Harold
 17027 | Lair:5   | Killed Harold
 17041 | Lair:5   | Found a staircase to the Snake Pit.
 17149 | Lair:5   | Acquired Fedhas' fifth power
 17453 | Lair:6   | Found a dark tunnel.
 17485 | Lair:6   | Reached skill level 10 in Dodging
 17501 | Volcano  | Entered a volcano
 17748 | Volcano  | Engulfed by a cloud of flame

Action                   |  1- 3 |  4- 6 |  7- 9 | 10-12 | 13-15 || total
-------------------------+-------+-------+-------+-------+-------++-------
Melee: Falchion          |    53 |   116 |   270 |   493 |   248 ||  1180
       Short sword       |       |       |       |       |     1 ||     1
 Fire: Hunting sling     |       |       |    90 |   355 |   109 ||   554
       Blowgun           |       |       |    51 |   108 |       ||   159
Throw: Stone             |     3 |    43 |     1 |     5 |       ||    52
       Javelin           |     2 |     4 |    12 |    12 |       ||    30
       Tomahawk          |       |     4 |       |    23 |    14 ||    41
       Throwing net      |       |       |       |     2 |     1 ||     3
 Cast: Shroud of Golubri |       |       |     4 |    19 |     9 ||    32
       Blink             |       |       |       |    33 |     7 ||    40
       Apportation       |       |       |       |    19 |    10 ||    29
Invok: Evolution         |       |       |     2 |    17 |     3 ||    22
       Growth            |       |       |       |     2 |       ||     2
 Abil: Evoke Flight      |       |       |     1 |       |     1 ||     2
Evoke: Wand              |       |       |       |    22 |     5 ||    27
  Use: Scroll            |     2 |     2 |    15 |    14 |     2 ||    35
       Potion            |       |     1 |     1 |     9 |     8 ||    19
 Stab: Sleeping          |     5 |     7 |    32 |    13 |     7 ||    64
       Distracted        |       |     1 |     1 |     5 |       ||     7
       Confused          |       |       |       |     5 |     4 ||     9
  Eat: Chunk             |       |     6 |    16 |    17 |     7 ||    46
       Royal jelly       |       |       |     1 |       |       ||     1
       Pizza             |       |       |     1 |     1 |       ||     2
       Bread ration      |       |       |       |     4 |     1 ||     5
